 Dungeon Crawl Stone Soup version 0.27.1 (webtiles) character file.

Game seed: 11157047328495936687

1206 Atelerd the Digger (level 8, -3/48 HPs)
             Began as an Octopode Earth Elementalist on Sept 2, 2021.
             Was a Follower of Sif Muna.
             Slain by a manticore (19 damage)
             ... on level 7 of the Dungeon.
             The game lasted 00:14:09 (8559 turns).

Atelerd the Digger (Octopode Earth Elementalist)    Turns: 8559, Time: 00:14:10

Health: -3/48      AC:  1    Str:  8    XL:     8   Next: 45%
Magic:  7/14       EV: 13    Int: 19    God:    Sif Muna [*.....]
Gold:   103        SH:  0    Dex: 12    Spells: 7/15 levels left

rFire    . . .     SeeInvis .   x - +0 rapier (freeze)
rCold    . . .     Faith    .   (no shield)
rNeg     . . .     Spirit   .   (helmet restricted)
rPois    .         Reflect  .   (no amulet)
rElec    .         Harm     .   (no ring)
rCorr    .         Rampage  .   (no ring)
Will     .....                  (no ring)
Stlth    ++++......             (no ring)
HPRegen  0.16/turn              (no ring)
MPRegen  0.14/turn              (no ring)
                                (no ring)
                                (no ring)

@: no status effects
A: almost no armour, amphibious, 8 rings, camouflage 1, gelatinous body 1,
(nimble swimmer 1), tentacles
a: Renounce Religion, Channel Magic


You were on level 7 of the Dungeon.
You worshipped Sif Muna.
Sif Muna was aware of your devotion.
You visited 2 branches of the dungeon, and saw 8 of its levels.

You collected 298 gold pieces.
You spent 195 gold pieces at shops.

Inventory:

Hand Weapons
 j - a +0 dagger
 o - a +0 short sword of protection
 x - a +0 rapier of freezing (weapon)
Missiles
 b - 99 stones
Magical Staves
 u - a staff of earth
Scrolls
 a - 2 scrolls of amnesia {unknown}
 c - 5 scrolls of identify
 e - 2 scrolls of fog
 f - 3 scrolls of magic mapping {unknown}
 g - a scroll of immolation
 h - a scroll of teleportation
 i - a scroll of vulnerability
 l - a scroll of silence {unknown}
 p - a scroll of enchant weapon {unknown}
 t - a scroll of fear {unknown}
Potions
 d - 4 potions of brilliance {unknown}
 k - 2 potions of haste {unknown}
 m - 3 potions of heal wounds {unknown}
 n - 4 potions of flight {unknown}
 q - 4 potions of mutation {unknown}
 r - a potion of cancellation {unknown}
 s - 2 potions of curing {unknown}
 v - a potion of attraction {unknown}
 w - a potion of magic {unknown}


   Skills:
 + Level 1.5 Fighting
 + Level 1.5 Short Blades
 * Level 3.3 Dodging
 * Level 4.7 Stealth
 - Level 4.0 Spellcasting
 + Level 1.5 Conjurations
 - Level 4.0 Transmutations
 - Level 7.0 Earth Magic


You had 7 spell levels left.
You knew the following spells:

 Your Spells              Type           Power      Damage    Failure   Level
a - Sandblast             Erth           60%        2d14      1%          1
p - Petrify               Tmut/Erth      24%        N/A       14%         4
s - Stone Arrow           Conj/Erth      40%        3d9       7%          3

Your spell library contained the following spells:

 Spells                   Type           Power      Damage    Failure   Level
 Passwall                 Tmut/Erth      20%        N/A       2%          2
 Corona                   Hex            3%         N/A       14%         1
 Pain                     Necr           12%        1d4       14%         1
 Ensorcelled Hibernation  Hex/Ice        6%         N/A       21%         2
 Lee's Rapid Deconstruct  Erth           15%        3d11*     22%         5
 Tukima's Dance           Hex            3%         N/A       38%         3
 Blade Hands              Tmut           9%         N/A       58%         5
 Irradiate                Conj/Tmut      7%         3d15      77%         5
 Agony                    Necr           3%         N/A       98%         5
 Excruciating Wounds      Necr           1%         N/A       98%         5
 Dragon Form              Tmut           9%         N/A       100%        7


Dungeon Overview and Level Annotations

Branches:
Dungeon (7/15)             Temple (1/1) D:4

Altars:
Cheibriados
Dithmenos
Fedhas
Kikubaaqudgha
Makhleb
Ru
Sif Muna
Trog
Vehumet
Wu Jian
The Shining One

Shops:
D:5 *

Annotations:
D:3 2 transporters, Atelerd's ghost, amateur OpEE
D:4 1 runed translucent door, exclusion: downstairs, Crazy Yiuf


Innate Abilities, Weirdness & Mutations

You cannot wear most types of armour.
You are amphibious.
You can wear up to eight rings at the same time.
Your skin changes colour to match your surroundings (Stealth+).
Your rubbery body absorbs attacks. (AC +1, EV +1)
((You are camouflaged near water. (Stealth+)))
You have tentacles for arms and can constrict up to eight enemies at once.


Message History

The manticore is lightly wounded.
The helpless manticore fails to defend itself.
You puncture the manticore! You freeze the manticore.
The manticore is moderately wounded.
The helpless manticore fails to defend itself.
You hit the manticore. You freeze the manticore.
You squeeze the manticore, but do no damage.
The manticore is moderately wounded.
The helpless manticore fails to defend itself.
You puncture the manticore! You freeze the manticore.
The manticore is moderately wounded.
The helpless manticore fails to defend itself.
You puncture the manticore! You freeze the manticore.
The manticore is heavily wounded.
The helpless manticore fails to defend itself.
You puncture the manticore! You freeze the manticore.
You squeeze the manticore, but do no damage.
The manticore is heavily wounded.
The helpless manticore fails to defend itself.
You hit the manticore. You freeze the manticore.
You squeeze the manticore, but do no damage.
The manticore is severely wounded.
The helpless manticore fails to defend itself.
You hit the manticore. You freeze the manticore.
The manticore is severely wounded.
The helpless manticore fails to defend itself.
You puncture the manticore! You freeze the manticore.
The manticore is severely wounded.
The manticore is no longer petrified.
The manticore bites you!!
Ouch! That really hurt!
The manticore claws you! The manticore claws you.
Casting: Petrify (quite dangerous; 14% risk of failure)
Confirm with . or Enter, or press ? or * to list all spells.
Aiming: Sandblast (safe; 1% risk of failure)
Press: ? - help, Shift-Dir - straight line, f/p - manticore
Aim: a manticore (severely wounded, 89% to hit)
The blast of sand hits the manticore.
The manticore is almost dead.
The manticore bites you!!
You die...

#.# #.# #.# #.# #.#
#.######. #H.......
#@...# #....#
.......... #?...#
.....^... #....#
......... ##....#
.#....... ##...#..#
........# ##...###.#
#.......###..#.###.#
#........#..........


You could see a manticore.

Vanquished Creatures
  A steam dragon (D:5)
  An ice beast (D:6)
  A phantom (D:6)
  A kobold brigand (D:5)
  A bullfrog (D:6)
  3 scorpions
  A howler monkey (D:6)
  A centaur zombie (D:5)
  A bullfrog zombie (D:5)
  2 hounds (D:4)
  3 orc priests
  A jelly (D:5)
  An iguana (D:4)
  Natasha (thrice) (D:3)
  11 adders
  A shadow imp (D:3)
  3 ufetubi
  A worm (D:4)
  2 dart slugs
  18 orcs
  8 ball pythons
  3 endoplasms
  3 giant cockroaches
  6 goblins
  5 hobgoblins
  9 kobolds
  2 quokkas
  8 bats
  2 frilled lizards
  4 rats
107 creatures vanquished.

Vanquished Creatures (others)
  A fungus (D:3)
  2 plants (D:3)
3 creatures vanquished.

Grand Total: 110 creatures vanquished

Notes
Turn   | Place    | Note
-------+----------+-------------------------------------------
     0 | D:1      | Atelerd the Octopode Earth Elementalist began the quest for
                  | the Orb.
     0 | D:1      | Reached XP level 1. HP: 11/11 MP: 3/3
   366 | D:1      | Reached XP level 2. HP: 17/17 MP: 3/5
  1242 | D:2      | Reached XP level 3. HP: 21/21 MP: 3/6
  2126 | D:3      | Found a transporter.
  2129 | D:3      | Found a transporter.
  2129 | D:3      | Noticed Atelerd's ghost (amateur OpEE)
  2132 | D:3      | Noticed an ice beast
  2188 | D:3      | HP: 1/21 [shadow imp/nerve-wracking pain (6)]
  2533 | D:3      | Reached XP level 4. HP: 27/27 MP: 6/8
  2604 | D:3      | Noticed Natasha
  2612 | D:3      | Killed Natasha
  2768 | D:3      | Reached skill level 4 in Earth Magic
  2768 | D:3      | Reached XP level 5. HP: 17/31 MP: 5/9
  3062 | D:3      | Found a faded altar of an unknown god.
  3143 | D:3      | Noticed Natasha
  3155 | D:3      | Killed Natasha
  3359 | D:3      | Noticed Natasha
  3364 | D:3      | Killed Natasha
  3370 | D:3      | Learned a level 4 spell: Petrify
  3480 | D:4      | Found a staircase to the Ecumenical Temple.
  3487 | D:4      | Learned a level 3 spell: Stone Arrow
  3491 | Temple   | Entered the Ecumenical Temple
  3596 | Temple   | Became a worshipper of Sif Muna the Loreminder
  4044 | D:4      | You fall into a shaft and drop 1 floor!
  4044 | D:5      | Entered Level 5 of the Dungeon
  4044 | D:5      | Noticed an ogre
  4064 | D:4      | Reached XP level 6. HP: 23/36 MP: 8/11
  4205 | D:4      | Found the +8 demon trident "Rift" {distort, reach+}
  5176 | D:4      | Reached skill level 5 in Earth Magic
  5176 | D:4      | Reached XP level 7. HP: 41/41 MP: 6/13
  5232 | D:4      | Found a runed translucent door.
  5233 | D:4      | Noticed Crazy Yiuf
  5300 | D:4      | Identified the +6 hunting sling "Muf Tiri" {flame, rPois}
  5550 | D:5      | Noticed a steam dragon
  5837 | D:5      | Killed a steam dragon
  5838 | D:5      | Reached skill level 6 in Earth Magic
  5964 | D:5      | Reached * piety under Sif Muna
  6793 | D:5      | Reached skill level 7 in Earth Magic
  6932 | D:5      | Found Leaxem's Assorted Antiques.
  6948 | D:5      | Bought a viscous sapphire potion for 24 gold pieces
  6948 | D:5      | Bought 2 coppery potions for 48 gold pieces
  6948 | D:5      | Bought a viscous sapphire potion for 24 gold pieces
  6948 | D:5      | Bought a fizzy white potion for 24 gold pieces
  6948 | D:5      | Bought a green potion for 24 gold pieces
  6948 | D:5      | Bought a dark potion for 24 gold pieces
  6948 | D:5      | Bought a scroll labelled HADEYL VUCHALOO for 27 gold pieces
  7277 | D:5      | Reached XP level 8. HP: 32/47 MP: 11/14
  7468 | D:6      | Found a shadowy altar of Dithmenos.
  7483 | D:6      | Reached skill level 1 in Fighting
  7483 | D:6      | Reached skill level 1 in Conjurations
  7596 | D:6      | Reached skill level 1 in Short Blades
  8439 | D:6      | Found an ornate altar of the Wu Jian Council.
  8544 | D:7      | Noticed a manticore
  8559 | D:7      | Slain by a manticore

Illustrated notes

Levels and vault maps discovered:
D:1:      roderic_crossed_star, layout_loops_ring
D:2:      layout_loops_ring, chequers_serial_rivers_room_a
D:3:      layout_loops_cross, shapermc_ecumenical_altar_mp_urbaneastern,
          gammafunk_ghost_arena, minmay_misc_feat_tiny, uniq_natasha
D:4:      layout_loops_cross, minmay_temple_entry_enclosed_plants,
          uniq_crazy_yiuf_cottage
D:5:      layout_basic, serial_shops, nicolae_stop_n_shop_2
D:6:      layout_loops_ring, nicolae_dithmenos_shadow_blocks, kennysheep_mini,
          chequers_serial_rivers_room_a
D:7:      layout_rooms, regret_index_temple_of_mockery
Temple:   dpeg_five_rooms_temple

Skill      XL: |  1  2  3  4  5  6  7  8 |
---------------+-------------------------+-----
Transmutations | 2 3 4 |  4.0
Spellcasting   | 3 4 |  4.0
Earth Magic    | 4 5 7 |  7.0
Stealth        | 3 4 |  4.7
Fighting       | 1 |  1.5
Conjurations   | 1 |  1.5
Short Blades   | 1 |  1.5
Dodging        | 3 |  3.3

Action                   |  1- 3 |  4- 6 |  7- 9 || total
-------------------------+-------+-------+-------++-------
Melee: Unarmed           |    30 |       |       ||    30
       Constrict         |     9 |    16 |    16 ||    41
       Tentacles         |     3 |    11 |    23 ||    37
       Dagger            |     4 |    35 |       ||    39
       Short sword       |       |    34 |    82 ||   116
       Rapier            |       |       |    14 ||    14
 Cast: Sandblast         |    41 |    44 |    24 ||   109
       Stone Arrow       |       |     1 |    11 ||    12
       Petrify           |       |     2 |    19 ||    21
  Use: Scroll            |       |       |     4 ||     4
 Stab: Sleeping          |     2 |       |     3 ||     5
       Petrified         |       |     9 |    39 ||    48
Armor: Skin              |    13 |    14 |    12 ||    39
Dodge: Dodged            |    38 |    49 |    54 ||   141
